 Dungeon Crawl Stone Soup version 0.20.1-1-g8b1a95d (webtiles) character file.

1143 vineage the Poker (level 8, -2/61 HPs)
             Began as a Demonspawn Berserker on July 22, 2017.
             Was a Priest of Trog.
             Slain by an ogre
             ... wielding a +0 giant spiked club
              (26 damage)
             ... on level 6 of the Dungeon.
             The game lasted 00:21:25 (3226 turns).

vineage the Poker (Demonspawn Berserker)            Turns: 3226, Time: 00:21:25

Health: -2/61      AC: 11    Str: 17    XL:     8   Next: 15%
Magic:  0/8        EV:  8    Int:  9    God:    Trog [***...]
Gold:   240        SH:  0    Dex: 15    Spells: 7/7 levels left

rFire    + . .     SeeInvis +   d - +1 spear (pierce)
rCold    x . .     Gourm    .   (no shield)
rNeg     . . .     Faith    .   e - +0 chain mail
rPois    .         Spirit   +   (no helmet)
rElec    .         Reflect  .   (no cloak)
rCorr    .         Harm     .   (no gloves)
MR       .....                  (no boots)
Stlth    ..........             l - amulet of guardian spirit
Regen    0.2/turn               f - ring of fire
MPRegen  0.2/turn               i - ring of see invisible

@: no status effects
A: molten scales 1, see invisible, demonic guardian 1, spiny 2
a: Berserk, Trog's Hand, Burn Spellbooks, Renounce Religion


You were on level 6 of the Dungeon.
You worshipped Trog.
Trog was most pleased with you.
You were not hungry.

You visited 1 branch of the dungeon, and saw 6 of its levels.

You collected 240 gold pieces.

Inventory:

Hand Weapons
 a - a +0 hand axe
 d - a +1 spear of piercing (weapon)
 h - a +1 falchion of electrocution
 n - a +0 blowgun
 q - a +3 quarterstaff of chaos
 u - a +0 mace of protection
Armour
 b - a +0 animal skin
 e - a +0 chain mail (worn)
 r - a +0 cloak
Jewellery
 f - a ring of fire (left hand)
 i - a ring of see invisible (right hand)
 l - an amulet of guardian spirit (around neck)
Wands
 t - a wand of iceblast (8/15)
Scrolls
 k - a scroll of identify
 o - a scroll of teleportation
Potions
 g - a potion of magic
 j - a potion of curing
 s - 2 potions of lignification
 w - 2 potions of ambrosia
 x - a potion of brilliance
Comestibles
 c - 5 bread rations
 m - 2 royal jellies
 p - 6 fruits


   Skills:
 + Level 4.5 Fighting
 + Level 3.0(4.8) Axes
 + Level 5.8(6.2) Polearms
 + Level 5.1 Armour
 + Level 2.6 Dodging
 + Level 1.0 Stealth


You had 7 spell levels left.
You didn't know any spells.

Dungeon Overview and Level Annotations

Branches:
Dungeon (6/15)
 Temple: D:4-7

Altars:
Dithmenos
Elyvilon
Kikubaaqudgha
Sif Muna


Innate Abilities, Weirdness & Mutations

A weak demonic guardian rushes to your aid.
You are mostly covered in sharp spines.
You are partially covered in molten scales. (AC +2)
You have supernaturally acute eyesight. (SInv)


Message History

You see here a meat ration.
The ogre shouts!
The ogre hits you with a giant spiked club!
Your white imp gestures at the ogre.
The puff of frost hits the ogre.
The ogre hits you with a giant spiked club!!
Found an escape hatch in the floor.
Your white imp barely misses the ogre.
The ogre is struck by your spines.
The ogre hits you with a giant spiked club!
You hit the ogre but do no damage.
The ogre is moderately wounded.
Your white imp barely misses the ogre.
The ogre hits you with a giant spiked club.
You hit the ogre.
The ogre is moderately wounded.
Your white imp hits the ogre.
Your white imp freezes the ogre.
You hit the ogre.
The ogre is almost dead.
The ogre hits you with a giant spiked club!!
You die...

######## ##......##
#####........#####
##.....%<5O....>...
#.........@........
...................
..........>........
...............!...
...(...............
##.................
####..............
#.............>
#...........


You could see an ogre and a friendly white imp.

Vanquished Creatures
  The ghost of Agrougrou the Chopper, an amateur DsMo of Okawaru (D:5)
  A sky beast (D:5)
  An ogre (D:5)
  2 crimson imps (D:5)
  4 hounds
  An orc priest (D:5)
  An orc wizard (D:4)
  Crazy Yiuf (D:3)
  A bullfrog skeleton (D:6)
  Natasha (twice) (D:3)
  A worker ant (D:4)
  A hound zombie (D:5)
  A worker ant zombie (D:5)
  3 gnolls (D:5)
  2 howler monkey skeletons (D:4)
  4 adders
  A shadow imp (D:5)
  An ooze (D:2)
  An adder skeleton (D:4)
  3 worms (D:3)
  2 leopard geckos
  14 orcs
  4 hobgoblins
  9 jackals
  2 quokkas (D:3)
  A bat (D:2)
  5 frilled lizards
  4 goblins
  3 kobolds
  2 rats
79 creatures vanquished.

Vanquished Creatures (collateral kills)
  Grinder (D:3)
  An ogre (D:5)
  A scorpion (D:5)
  Natasha (D:3)
  A gnoll (D:5)
  An orc (D:5)
  2 jackals (D:4)
  A kobold (D:3)
9 creatures vanquished.

Grand Total: 88 creatures vanquished

Notes
Turn   | Place    | Note
-------+----------+-------------------------------------------
     0 | D:1      | vineage the Demonspawn Berserker began the quest for the Orb.
     0 | D:1      | Reached XP level 1. HP: 18/18 MP: 1/1
   312 | D:2      | Found a white marble altar of Elyvilon.
   319 | D:2      | Found an ancient bone altar of Kikubaaqudgha.
   331 | D:2      | Gained mutation: A weak demonic guardian rushes to your aid. [demonic ancestry]
   331 | D:2      | Reached XP level 2. HP: 23/24 MP: 2/2
   542 | D:2      | Reached skill level 1 in Polearms
   542 | D:2      | Reached XP level 3. HP: 28/29 MP: 1/3
   554 | D:2      | Gained mutation: You are dopey. (Int -2) [potion of mutation]
   554 | D:2      | Lost mutation: You are dopey. (Int -2) [potion of mutation]
   554 | D:2      | Gained mutation: You are dopey. (Int -2) [potion of mutation]
   554 | D:2      | Gained mutation: You are resistant to hostile enchantments. (MR+) [potion of mutation]
   706 | D:3      | Reached ** piety under Trog
  1304 | D:3      | Noticed Natasha
  1308 | D:3      | Killed Natasha
  1308 | D:3      | Reached XP level 4. HP: 30/35 MP: 4/4
  1352 | D:3      | Noticed Natasha
  1359 | D:3      | Killed Natasha
  1396 | D:3      | Noticed Grinder
  1430 | D:3      | Killed Grinder
  1430 | D:3      | Gained mutation: You are partially covered in sharp spines. [demonic ancestry]
  1430 | D:3      | Reached XP level 5. HP: 24/42 MP: 5/5
  1659 | D:3      | Found a runed door.
  1663 | D:3      | Noticed Crazy Yiuf
  1670 | D:3      | Killed Crazy Yiuf
  1670 | D:3      | Reached XP level 6. HP: 40/48 MP: 3/6
  1686 | D:3      | Lost mutation: You are dopey. (Int -2) [potion of mutation]
  1686 | D:3      | Lost mutation: You are resistant to hostile enchantments. (MR+) [potion of mutation]
  1686 | D:3      | Gained mutation: You have supernaturally acute eyesight. (SInv) [potion of mutation]
  1686 | D:3      | Gained mutation: You are partially covered in molten scales. (AC +2) [potion of mutation]
  1736 | D:3      | Noticed Natasha
  1741 | D:3      | Killed Natasha
  1924 | D:4      | Found a shadowy altar of Dithmenos.
  2383 | D:5      | Entered Level 5 of the Dungeon
  2421 | D:5      | Gained mutation: You are mostly covered in sharp spines. [demonic ancestry]
  2421 | D:5      | Reached XP level 7. HP: 54/54 MP: 7/7
  2459 | D:5      | Reached *** piety under Trog
  2465 | D:5      | Noticed Agrougrou's ghost (amateur DsMo)
  2512 | D:5      | Killed Agrougrou's ghost
  2593 | D:5      | Found a deep blue altar of Sif Muna.
  2612 | D:5      | Reached skill level 5 in Polearms
  2709 | D:5      | Reached skill level 1 in Stealth
  2768 | D:5      | Reached skill level 5 in Armour
  2768 | D:5      | Reached XP level 8. HP: 20/61 MP: 2/8
  3226 | D:6      | Slain by an ogre

Skill      XL: |  1  2  3  4  5  6  7 |
---------------+----------------------+-----
Axes           | 3 |  3.0
Polearms       | 1 2 3 4 5 |  5.8
Armour         | 2 3 5 |  5.1
Dodging        | 2 |  2.6
Fighting       | 4 |  4.5
Stealth        | 1 |  1.0

Action                   |  1- 3 |  4- 6 |  7- 9 || total
-------------------------+-------+-------+-------++-------
Melee: Spear             |   115 |    94 |   100 ||   309
Invok: Trog's Hand       |       |     1 |       ||     1
  Use: Scroll            |     3 |     3 |     3 ||     9
       Potion            |     6 |     1 |     2 ||     9
  Eat: Bread ration      |     1 |       |       ||     1
       Royal jelly       |     1 |       |       ||     1
       Fruit             |       |     1 |     1 ||     2
Armor: Chain mail        |    85 |    52 |    48 ||   185
Dodge: Dodged            |    51 |    40 |    32 ||   123
